 Dungeon Crawl Stone Soup version 0.28.0 (webtiles) character file.

Game seed: 5262735342804518061

9 psuckher the Sneak (level 2, 0/29 HPs)
             Began as a Troll Delver on Feb 16, 2022.
             Slain by a scorpion (7 damage)
             ... on level 4 of the Dungeon.
             The game lasted 00:00:21 (42 turns).

psuckher the Sneak (Troll Delver)                     Turns: 42, Time: 00:00:22

Health: 0/29       AC:  4    Str: 19    XL:     2   Next: 6%
Magic:  1/1        EV:  9    Int:  6    God:
Gold:   0          SH:  0    Dex: 11    Spells: 1/1 levels left

rFire   . . .      SeeInvis .     - Unarmed
rCold   . . .      Faith    .   (no shield)
rNeg    . . .      Spirit   .   a - +0 robe
rPois   .          Reflect  .   (helmet restricted)
rElec   .          Harm     .   (no cloak)
rCorr   .          Rampage  .   (gloves unavailable)
Will    .....                   (boots unavailable)
Stlth   ++........              (no amulet)
HPRegen 0.89/turn               (no ring)
MPRegen 0.07/turn               (no ring)

@: no status effects
A: large, unfitting armour, claws 3, regeneration 1, shaggy fur 1, tough skin 1
a: no special abilities


You were on level 4 of the Dungeon.
You visited 1 branch of the dungeon, and saw 2 of its levels.

Inventory:

Armour
 a - a +0 robe (worn)
Wands
 f - a wand of digging (3)
 g - a wand of flame (16)
Scrolls
 b - a scroll of fog
 c - a scroll of magic mapping
 d - a scroll of fear
Potions
 e - a potion of haste


   Skills:
 + Level 2.5 Fighting
 + Level 1.5 Dodging
 + Level 3.0 Stealth
 + Level 2.0 Unarmed Combat


You had one spell level left.
You didn't know any spells.
Your spell library contained the following spells:

 Spells                   Type           Power      Damage    Failure   Level
 Foxfire                  Conj/Fire      0%         2x1d4     45%         1
 Conjure Flame            Conj/Fire      0%         6-21      83%         3
 Inner Flame              Hex/Fire       0%         N/A       83%         3
 Flame Wave               Conj/Fire      0%         2d4       99%         4


Dungeon Overview and Level Annotations

Branches:
Dungeon (5/15)
 Temple: D:4-7

Altars:
Vehumet


Innate Abilities, Weirdness & Mutations

You are too large for most types of armour.
You have claws for hands.
Your natural rate of healing is unusually fast.
You are covered in fur. (AC +1)
You have tough skin. (AC +1)


Message History

Press ? for a list of commands and other information.
Found a sharpened bone wand.
Found a stone staircase leading down.
g - a wand of flame (16)
Found a book of Flames.
You pick up a book of Flames and begin reading...
You add the spells Foxfire, Conjure Flame, Inner Flame and Flame Wave to your library.
A gnoll comes into view. It is wielding a +0 flail.
A gnoll comes into view. It is wielding a +0 club.
The gnoll shouts! x2; You hear a shout! x2
A scorpion comes into view.
A gnoll sergeant comes into view. It is wielding a +0 spear.
A gnoll comes into view. It is wielding a +0 flail.
Found an escape hatch in the ceiling.
A gnoll comes into view. It is wielding a +0 spear.
The gnoll shouts!
The gnoll hits you with a +0 flail.
The scorpion stings you but does no damage.
Found a radiant altar of Vehumet.
The scorpion stings you.
There is an escape hatch in the ceiling here.
The scorpion stings you. A mysterious force pulls you upwards.
The hatch slams shut behind you.
You claw the gnoll!
The gnoll is almost dead.
The gnoll hits you with a +0 flail! The scorpion closely misses you.
You scratch the gnoll.
You kill the gnoll!
The scorpion stings you.
Your Stealth skill increases to level 3!
You have reached level 2!
You scratch the scorpion.
The scorpion is moderately wounded.
The scorpion barely misses you.
You barely miss the scorpion.
The scorpion is moderately wounded.
The scorpion stings you!
* * * LOW HITPOINT WARNING * * *
You completely miss the scorpion.
The scorpion is moderately wounded.
The scorpion stings you!
You die...

..## ...#
#..# #..#
##..###
.....
#.s# #@.#
#.)......
##.#.#.##
.# # .#
.. ##


You could see a scorpion.

Vanquished Creatures
  A gnoll (D:4)
1 creature vanquished.

Notes
Turn   | Place    | Note
-------+----------+-------------------------------------------
     0 | D:5      | psuckher the Troll Delver began the quest for the Orb.
     0 | D:5      | Reached XP level 1. HP: 22/22 MP: 0/0
    27 | D:5      | Noticed a scorpion
    27 | D:5      | Noticed a gnoll sergeant
    35 | D:5      | Found a radiant altar of Vehumet.
    40 | D:4      | Reached skill level 3 in Stealth
    40 | D:4      | Reached XP level 2. HP: 12/29 MP: 1/1
    42 | D:4      | Slain by a scorpion

Illustrated notes

Levels and vault maps discovered:
D:4:      layout_loops_ring, minitemple, hangedman_ru_absence,
          gammafunk_ghost_abyssal_escape, kennysheep_windowed_goal
D:5:      layout_cave_pools, mainiacjoe_overflow_concentric_impassable,
          kennysheep_little_box, chequers_temple_overflow_statue_of_worship,
          st_stairs_7

Skill      XL: |  1 |
---------------+----+-----
Stealth        | 3 |  3.0
Fighting       | |  2.5
Dodging        | |  1.5
Unarmed Combat | |  2.0

Action                   || total
-------------------------++-------
Melee: Unarmed           ||     5
Armor: Robe              ||     1
Dodge: Dodged            ||     2
